 Dungeon Crawl Stone Soup version 0.20.1-1-g8b1a95d (webtiles) character file.

18 RKaid the Charmwright (level 2, -1/23 HPs)
             Began as a Formicid Skald on Aug 2, 2017.
             Slain by an adder (2 damage)
             ... on level 2 of the Dungeon.
             The game lasted 00:02:10 (1014 turns).

RKaid the Charmwright (Formicid Skald)              Turns: 1014, Time: 00:02:11

Health: -1/23      AC:  3    Str: 19    XL:     2   Next: 90%
Magic:  5/5        EV: 17    Int: 12    God:
Gold:   33         SH:  0    Dex: 15    Spells: 4/5 levels left

rFire    . . .     SeeInvis +   a - +0 mace
rCold    . . .     Gourm    .   (no shield)
rNeg     . . .     Faith    .   b - +0 leather armour
rPois    .         Spirit   .   (helmet unavailable)
rElec    .         Reflect  .   (no cloak)
rCorr    .         Harm     .   (no gloves)
MR       .....     Clarity  +   (no boots)
Stlth    ++........             (no amulet)
Regen    0.1/turn               (no ring)
MPRegen  0.1/turn               (no ring)

@: agile, lethally poisoned (-1 -> -8), infused (expiring)
A: permanent stasis, dig shafts and tunnels, four strong arms, antennae 3,
clarity, strong 2
a: Dig, Shaft Self


You were on level 2 of the Dungeon.
You were not hungry.

You visited 1 branch of the dungeon, and saw 2 of its levels.

You collected 33 gold pieces.

Inventory:

Hand Weapons
 a - a +0 mace (weapon)
Armour
 b - a +0 leather armour (worn)
Scrolls
 i - a scroll of fog {unknown}
 j - a scroll of identify {unknown}
 l - a scroll of immolation {unknown}
 m - a scroll of remove curse {unknown}
Potions
 f - a potion of lignification {unknown}
 k - a potion of curing {unknown}
Books
 c - a book of Battle
Comestibles
 d - 5 bread rations
 h - 2 chunks of flesh


   Skills:
 + Level 2.8 Fighting
 * Level 2.4 Maces & Flails
 - Level 1.1 Armour
 - Level 1.7 Dodging
 - Level 2.1 Spellcasting
 + Level 3.2 Charms


You had 4 spell levels left.
You knew the following spells:

 Your Spells              Type           Power        Failure   Level  Hunger
a - Infusion              Chrm           #...         9%          1    ##.....


Dungeon Overview and Level Annotations

Branches:
Dungeon (2/15)

Altars:


Innate Abilities, Weirdness & Mutations

You cannot be hasted, slowed, berserked, paralysed or teleported.
You can dig through walls and to a lower floor.
Your four strong arms can wield two-handed weapons with a shield.
You have a pair of large antennae on your head. (SInv)
You possess an exceptional clarity of mind.
Your muscles are very strong. (Str +4)


Message History

You thump the rat!
You kill the rat!
You see here a rat corpse.
You butcher the rat corpse.
h - a chunk of flesh You now have 33 gold pieces (gained 11).
A frilled lizard comes into view.
The frilled lizard hisses angrily.
You miss the frilled lizard.
The frilled lizard bites you but does no damage.
You closely miss the frilled lizard. The frilled lizard closely misses you.
You closely miss the frilled lizard. The frilled lizard closely misses you.
You closely miss the frilled lizard. The frilled lizard barely misses you.
The frilled lizard hisses.
The frilled lizard bites you but does no damage.
You hit the frilled lizard.
You kill the frilled lizard!
l - a scroll labeled XENISMOXUA You open the door.
d - 5 bread rations (gained 1)
You open the door.
There is an open door here.
You sense a monster nearby.
A rat comes into view.
You hit the rat.
You kill the rat!
You see here a rat corpse.
You butcher the rat corpse.
h - 2 chunks of flesh (gained 1)
You see here a club.
There is an open door here.
You see here a robe.
A dart slug comes into view.
A dart slug is nearby!
There is an open door here.
You sock the dart slug! The dart slug closely misses you.
You hit the dart slug.
You kill the dart slug!
You see here a dart slug corpse.
You butcher the dart slug corpse.
h - 4 chunks of flesh (gained 2)
You sense a monster nearby.
A giant cockroach comes into view.
The giant cockroach completely misses you.
You barely miss the giant cockroach. The giant cockroach closely misses you.
You barely miss the giant cockroach. The giant cockroach bites you. x2
You hit the giant cockroach.
You kill the giant cockroach!
Some of the chunks of flesh in your inventory have rotted away.
You see here a club.
Done exploring.
Done exploring.
You see here a hand axe.
You open the door.
There is an open door here.
There is a stone staircase leading down here.
You climb downwards.
There is a stone staircase leading up here.
m - a scroll labeled BOHAOCI SYIZA An adder comes into view.
The adder hisses angrily.
You hit the adder. The adder bites you. The adder bites you but does no damage.
You miss the adder. The adder bites you but does no damage.
The adder closely misses you.
Some of the chunks of flesh in your inventory have rotted away.
You miss the adder. The adder barely misses you.
You miss the adder. The adder closely misses you. The adder barely misses you.
You miss the adder. The adder bites you. The adder barely misses you.
You hit the adder but do no damage. The adder barely misses you.
You miss the adder.
The adder bites you but does no damage. x2
You barely miss the adder. The adder closely misses you. The adder bites you.
Casting: Infusion
Confirm with . or Enter, or press ? or * to list all spells.
You begin infusing your attacks with magical energy.
The adder bites you. The adder barely misses you.
You barely miss the adder. The adder bites you. The adder misses you.
You barely miss the adder. The adder closely misses you. The adder bites you.
You are poisoned.
The adder poisons you!
You closely miss the adder.
You feel sick. The adder closely misses you. The adder barely misses you.
You closely miss the adder. The adder closely misses you.
You closely miss the adder. The adder misses you. The adder barely misses you.
You miss the adder.
You feel sick. The adder barely misses you. The adder bites you.
* * * LOW HITPOINT WARNING * * *
It was a potion of agility.
You feel agile all of a sudden. The adder bites you but does no damage.
You miss the adder.
Your magical infusion is running out.
You feel sick. The adder bites you.
* * * LOW HITPOINT WARNING * * *
You are more poisoned.
The adder poisons you! The adder misses you.
It was a potion of mutation.
You feel extremely strange.
You feel stronger.
Your thoughts seem clearer.
You feel stronger. The adder bites you.
You die...

...### #....# #....#
###....# ......#
#######
##...S###.....#..
#.....##.........
#.#..........
#..S@........
##...........
#...........
#...........
.#.######...........
....................
#.##.#<.#.......#.
#...###.######
.....## ..#


You could see an adder.

Vanquished Creatures
  A dart slug (D:1)
  2 giant cockroaches (D:1)
  A goblin (D:1)
  3 hobgoblins (D:1)
  2 frilled lizards (D:1)
  3 kobolds (D:1)
  6 rats (D:1)
18 creatures vanquished.

Notes
Turn   | Place    | Note
-------+----------+-------------------------------------------
     0 | D:1      | RKaid the Formicid Skald began the quest for the Orb.
     0 | D:1      | Reached XP level 1. HP: 16/16 MP: 3/3
   305 | D:1      | Reached XP level 2. HP: 22/23 MP: 5/5
  1013 | D:2      | HP: 1/23 [adder (5)]
  1014 | D:2      | Gained mutation: Your muscles are strong. (Str +2) [potion of mutation]
  1014 | D:2      | Gained mutation: You possess an exceptional clarity of mind. [potion of mutation]
  1014 | D:2      | Gained mutation: Your muscles are very strong. (Str +4) [potion of mutation]
  1014 | D:2      | Slain by an adder

Action                   || total
-------------------------++-------
Melee: Mace              ||    74
 Cast: Infusion          ||     2
  Use: Potion            ||     2
Armor: Leather armour    ||    14
Dodge: Dodged            ||    50

Table legend:
 A = Turns spent in this place as a percentage of turns spent in the entire game.
 B = Non-inter-level travel turns spent in this place as a percentage of non-inter-level travel turns spent in the entire game.
 C = Inter-level travel turns spent in this place as a percentage of turns spent in this place.
 D = Turns resting spent in this place as a percentage of non-inter-level travel turns spent in this place.
 E = Turns spent auto-exploring this place as a percentage of non-inter-level travel turns spent in this place.
 F = Non-inter-level travel turns spent in this place divided by the number of levels of this place that you've seen.
                   A       B       C       D       E      F
               +-------+-------+-------+-------+-------+----------------------
         Total | 100.0 | 100.0 |   0.4 |   2.6 |   8.3 | 114.0
       Dungeon | 100.0 | 100.0 |   0.4 |   2.6 |   8.3 | 114.0
               +-------+-------+-------+-------+-------+----------------------

Table legend:
 A = Kills in this place as a percentage of kills in entire the game.
 B = Kills by you in this place as a percentage of kills by you in the entire game.
 C = Kills by friends in this place as a percentage of kills by friends in the entire game.
 D = Other kills in this place as a percentage of other kills in the entire game.
 E = Experience gained in this place as a percentage of experience gained in the entire game.
 F = Experience gained in this place divided by the number of levels of this place that you have seen.
                   A       B       C       D       E      F
               +-------+-------+-------+-------+-------+----------------------
         Total | 100.0 | 100.0 |  -nan |  -nan | 100.0 |  13.5
       Dungeon | 100.0 | 100.0 |  -nan |  -nan | 100.0 |  13.5
               +-------+-------+-------+-------+-------+----------------------
